Map: Frostline LE

Players

LiquidCure (Cure) - Winner!

  • Race: Terran Terran
  • Spawn Location: 1:00

최은하

  • Race: Zerg Zerg
  • League: Diamond
  • Spawn Location: 7:00

VOD

Have the link to the VOD?

Description

Time

  • Played on: Jan. 21, 2025, 5:14 a.m.
  • Length: 7:59
Show
View Real Time Build Order
Export as new Build Order

LiquidCure Terran - Winner!

Build Orders: Reaper Expand, Hellion Banshee 

Get SALT Encoding   

  12  0:00  SCV  
  13  0:12  SCV  
  14  0:16  Supply Depot  
  14  0:24  SCV  
  15  0:38  SCV  
  15  0:40  Barracks  
  16  0:44  Refinery  
  16  0:50  SCV  
  17  1:02  SCV  
  18  1:14  SCV  
  19  1:26  Orbital Command  
  19  1:28  Reaper  
  20  1:37  Command Center  
  20  1:46  Supply Depot  
  20  1:52  SCV  
  21  1:59  Marine  
  22  2:04  SCV  
  23  2:10  Factory  
  23  2:16  SCV  
  23  2:22  Barracks Reactor  
  24  2:28  SCV  
  25  2:40  SCV, Command Center  
  26  2:49  Orbital Command  
  26  2:52  SCV  
  27  2:59  Starport  
  27  3:06  Hellion x2  
  27  3:08  SCV  
  27  3:11  Refinery  
  32  3:13  Barracks Tech Lab  
  32  3:16  SCV  
  33  3:20  SCV  
  34  3:28  SCV  
  34  3:32  SCV  
  34  3:33  Hellion x2  
  40  3:40  SCV  
  41  3:42  Banshee  
  41  3:44  SCV  
  45  3:52  SCV  
  45  3:53  Orbital Command  
  46  3:56  SCV  
  46  3:57  Hellion  
  46  3:58  Hellion  
  46  4:02  Cloaking Field  
  49  4:05  SCV  
  49  4:08  SCV  
  51  4:10  Barracks Tech Lab  
  51  4:12  Supply Depot  
  51  4:15  Orbital Command  
  52  4:17  SCV  
  52  4:21  SCV  
  53  4:28  Banshee  
  53  4:29  SCV  
  53  4:31  Marine  
  57  4:33  SCV, Barracks  
  57  4:35  Supply Depot  
  59  4:42  SCV x2  
  59  4:45  SCV, Stimpack  
  62  4:46  Barracks  
  62  4:53  Refinery  
  62  4:54  Marine, SCV x2  
  62  4:55  Factory Reactor, Refinery  
  62  4:57  SCV  
  62  4:58  Supply Depot  
  66  5:02  Engineering Bay  
  66  5:03  Engineering Bay  
  66  5:06  SCV x2  
  68  5:09  SCV  
  68  5:11  Barracks  
  68  5:12  Marine  
  70  5:15  Barracks  
  70  5:18  SCV x2  
  72  5:21  Supply Depot, SCV  
  72  5:28  Marine x2  
  74  5:30  SCV x2  
  74  5:32  Marine  
  74  5:33  SCV  
  79  5:35  Terran Infantry Weapons Level 1  
  79  5:36  Terran Infantry Armor Level 1  
  79  5:42  SCV x2  
  81  5:43  Starport Reactor, Supply Depot, Marine x2  
  81  5:45  SCV  
  81  5:47  Siege Tank  
  87  5:50  Refinery  
  87  5:58  Barracks Reactor, SCV x3  
  90  6:06  Barracks Reactor  
  90  6:07  Marine x5  
  92  6:11  Supply Depot  
  92  6:13  Supply Depot  
  92  6:15  SCV x3  
  95  6:21  Supply Depot  
  95  6:25  Marine x3, Siege Tank  
  101  6:31  Combat Shield  
  101  6:32  Medivac x2, Marine x2  
  101  6:35  Supply Depot  
  101  6:36  Marine x2  
  101  6:39  Supply Depot  
  109  6:41  Factory  
  109  6:42  Marine x2  
  111  6:50  Marine x4  
  111  6:53  Marine, Command Center  
  116  6:54  Marine x2  
  116  6:59  SCV x3  
  121  7:01  Supply Depot  
  121  7:02  Marine x2  
  121  7:07  Refinery  
  121  7:08  Marine x3  
  125  7:09  Supply Depot, Marine  
  125  7:11  Marine  
  125  7:12  Marine x2  
  125  7:15  Medivac x2  
  137  7:20  Armory, Marine x2  
  137  7:21  Supply Depot  
  139  7:26  Factory Reactor  
  139  7:27  SCV x3  
  142  7:32  Supply Depot  
  142  7:40  Marine x6  
  148  7:47  Factory Tech Lab  
Show
View Real Time Build Order
Export as new Build Order

최은하 Zerg 

Build Orders: Hatch First 

Get SALT Encoding   

  12  0:00  Drone  
  13  0:12  Overlord  
  13  0:17  Drone  
  14  0:30  Drone x2  
  16  0:48  Hatchery  
  15  0:51  Drone  
  15  0:55  Drone  
  17  0:58  Drone  
  18  1:08  Extractor  
  17  1:13  Spawning Pool  
  17  1:16  Drone  
  17  1:21  Drone  
  18  1:30  Drone  
  19  1:53  Drone x2  
  21  2:01  Queen x2  
  21  2:02  Zergling x2  
  21  2:03  Zergling x2  
  27  2:11  Overlord  
  27  2:22  Hatchery  
  25  2:30  Metabolic Boost  
  25  2:42  Drone x2  
  25  2:43  Drone x3  
  30  2:44  Drone  
  31  2:53  Queen  
  31  2:58  Overlord  
  33  3:01  Drone  
  34  3:11  Drone x2  
  34  3:12  Overlord  
  36  3:16  Overlord  
  36  3:23  Spore Crawler  
  36  3:27  Drone  
  36  3:35  Queen  
  37  3:48  Drone x4  
  39  3:49  Drone x6  
  39  3:54  Drone  
  45  3:58  Drone  
  45  4:00  Drone  
  46  4:04  Queen  
  48  4:11  Drone x3  
  51  4:18  Queen  
  51  4:20  Drone x2  
  51  4:21  Drone  
  55  4:28  Drone  
  55  4:29  Drone x2  
  58  4:31  Spore Crawler  
  58  4:32  Spore Crawler  
  58  4:34  Spore Crawler  
  58  4:36  Drone  
  56  4:38  Zergling x4  
  56  4:39  Zergling x2  
  58  4:45  Evolution Chamber, Drone  
  58  4:47  Evolution Chamber, Drone  
  58  4:55  Overlord  
  58  4:56  Overlord x2  
  58  5:07  Overlord  
  58  5:08  Overlord x2  
  58  5:23  Drone x3  
  58  5:24  Roach Warren  
  60  5:32  Drone x4  
  60  5:33  Drone x6  
  70  5:38  Drone x3  
  73  5:49  Drone x2, Extractor  
  74  5:50  Extractor  
  74  5:52  Hatchery  
  74  5:53  Extractor  
  74  5:55  Zergling x10  
  68  6:04  Drone x5  
  68  6:08  Drone  
  68  6:09  Overlord  
  75  6:13  Overlord  
  75  6:14  Drone x3  
  76  6:21  Extractor  
  76  6:22  Overlord  
  76  6:23  Drone x3  
  78  6:32  Overlord  
  78  6:34  Drone x3  
  81  6:43  Roach x3  
  87  6:47  Hatchery  
  87  6:50  Drone x3, Extractor  
  87  6:51  Drone x3  
  91  7:06  Drone x3  
  91  7:07  Overlord  
  94  7:10  Roach x5  
  94  7:11  Overlord x2  
  104  7:16  Roach  
  104  7:19  Roach x2  
  118  7:30  Roach x3  
  120  7:37  Roach  
Tags
 
Add a new tag
Caveats
  • Supply blocks, unpowered buildings, or Contaminate may cause inaccurate times.
  • Supply counts are checked every 10 seconds.